 Dungeon Crawl Stone Soup version 0.13-a0-2305-ge00d11d (webtiles) character file.

604 Kae the Basher (level 6, -6/50 HPs)
             Began as a Minotaur Chaos Knight on July 9, 2013.
             Was a Plaything of Xom.
             Mangled by Pikel
             ... wielding a +2,+0 whip of electrocution
              (24 damage)
             ... on Level 4 of the Dungeon.
             The game lasted 00:03:33 (3334 turns).

Kae the Basher (Minotaur Chaos Knight)              Turns: 3334, Time: 00:03:33

HP  -6/50        AC  6     Str 19      XL: 6   Next: 75%
MP   3/3         EV 11     Int  9      God: Xom
Gold 153         SH  0     Dex  9      Spells:  0 memorised,  5 levels left

Res.Fire  : . . .   See Invis. : .   a - +0 mace (chaos)
Res.Cold  : . . .   Warding    : .   b - +2 leather armour
Life Prot.: . . .   Conserve   : .   (no shield)
Res.Poison: .       Res.Corr.  : .   (helmet restricted)
Res.Elec. : .       Clarity    : .   j - +0 cloak
Sust.Abil.: . .     Spirit.Shd : .   (no gloves)
Res.Mut.  : .       Stasis     : .   (no boots)
Res.Rott. : .       Flight     : .   (no amulet)
Saprovore : . . .                    (no ring)
                                     (no ring)

@: slightly resistant to hostile enchantments, very unstealthy
A: retaliatory headbutt, horns 2
a: Renounce Religion


You were on level 4 of the Dungeon.
You worshipped Xom.
You were Xom's teddy bear.
You were not hungry.

You visited 1 branch of the dungeon, and saw 4 of its levels.

You collected 133 gold pieces.

Inventory:

Hand weapons
 a - a +0,+0 mace of chaos (weapon)
Armour
 b - a +2 leather armour (worn)
 j - a +0 cloak (worn)
Comestibles
 c - 3 bread rations
 f - 2 pears
 i - an apple
 q - a choko
Scrolls
 d - 3 scrolls of blinking {unknown}
 e - 7 scrolls of identify {unknown}
 g - 3 scrolls of noise {unknown}
 h - 2 scrolls of random uselessness {unknown}
 m - a scroll of recharging {unknown}
 o - a scroll of fear {unknown}
 p - a scroll of remove curse {unknown}
 r - 2 scrolls of teleportation {unknown}
Potions
 l - 2 potions of curing
 n - a potion of berserk rage {unknown}
 s - a potion of restore abilities {unknown}
 t - a potion of magic {unknown}


   Skills:
 - Level 3.7 Fighting
 + Level 9.2 Maces & Flails
 - Level 2.4 Armour
 - Level 1.1 Dodging


You had 5 spell levels left.
You didn't know any spells.

Dungeon Overview and Level Annotations

Branches:
Dungeon (4/27)
 Temple: D:4-7

Altars:
Okawaru
Vehumet
Yredelemnul
Zin
the Shining One

Shops:
D:2: *

Annotations
D:4 Pikel


Innate Abilities, Weirdness & Mutations

You reflexively headbutt those who attack you in melee.
You have a pair of horns on your head.


Message History

Xom slaps you with a flathead trout!
A slave is nearby!
You hit the slave.
Space warps horribly around the slave!
You kill the slave!
That felt strangely unrewarding.
No target in view!
No target in view!
No target in view!
No target in view!
No target in view!
You start resting.
The walls suddenly lose part of their structure. 3 slaves and Pikel come into view.
Pikel shouts!
You see here an animal skin.
Pikel hits you with a runed whip!
You are electrocuted!
You closely miss Pikel. Pikel hits you but does no damage.
You are electrocuted!
You die...
Xom chuckles heartily!

)...[.#.......#...#...# ♣##)## #
).....#.......#...#'### #.^.# #
).....###+#####.......# #...# #
......................#♣ #..)# #
..........)..%........#♣ ##### #
....####+####'####....## #
....#.....[...%[.#....### # ....#
..####+###.#.....## ....#
.#......#@#.....## ###.#
.#......#K#.....#### #.#
.#......#@#.......>.. #(#
########@#..........# #.#
......@.#..........#####
#.##############...............
#......................########
#......................#......#
..........P..............+......#


You could see Pikel and 3 slaves.

Vanquished Creatures
  A slave (D:4)
  Crazy Yiuf (D:4)
  2 orc priests
  An orc wizard (D:4)
  Ijyb (D:2)
  Jessica (D:2)
  5 adders
  6 gnolls (D:4)
  2 adder skeletons (D:4)
  11 orcs
  A ball python (D:1)
  7 bats
  5 giant cockroaches
  9 goblins
  3 hobgoblins
  11 kobolds
  4 training dummies (D:3)
  A giant gecko (D:3)
  6 giant newts
  8 jackals (D:4)
  2 quokkas (D:3)
  10 rats
98 creatures vanquished.

Vanquished Creatures (collateral kills)
  Grinder (D:3)
1 creature vanquished.

Grand Total: 99 creatures vanquished

Notes
Turn   | Place    | Note
--------------------------------------------------------------
     0 | D:1      | Kae, the Minotaur Chaos Knight, began the quest for the Orb.
     0 | D:1      | Reached XP level 1. HP: 17/17 MP: 1/1
   199 | D:1      | Reached skill level 4 in Maces & Flails
   216 | D:1      | Reached XP level 2. HP: 16/24 MP: 1/1
   366 | D:1      | XOM: harmless Fire miscast
   424 | D:1      | XOM: silly message
   672 | D:2      | HP: 1/24 [poisoned by a goblin]
   988 | D:2      | Reached skill level 5 in Maces & Flails
  1016 | D:2      | Found Zin's Purification Station.
  1017 | D:2      | Found a glowing silver altar of Zin.
  1042 | D:2      | Reached XP level 3. HP: 21/30 MP: 2/2
  1141 | D:2      | Found a radiant altar of Vehumet.
  1144 | D:2      | Found a basalt altar of Yredelemnul.
  1150 | D:2      | Found a glowing golden altar of the Shining One.
  1181 | D:2      | XOM: confuse monster(s)
  1324 | D:2      | Noticed Jessica
  1329 | D:2      | Killed Jessica
  1329 | D:2      | Reached XP level 4. HP: 29/37 MP: 2/2
  1394 | D:2      | Noticed Ijyb
  1406 | D:2      | Killed Ijyb
  1406 | D:2      | Reached skill level 6 in Maces & Flails
  1575 | D:3      | Found an iron altar of Okawaru.
  1690 | D:3      | XOM: cast spell 'Flight'
  1871 | D:3      | Noticed Grinder
  1871 | D:3      | XOM: confuse monster(s)
  1874 | D:3      | XOM: confuse monster(s)
  1880 | D:3      | XOM: summons friendly iron devil
  1911 | D:3      | Killed Grinder
  1911 | D:3      | Reached skill level 7 in Maces & Flails
  1911 | D:3      | Reached XP level 5. HP: 13/44 MP: 2/2
  2154 | D:3      | XOM: cast spell 'Dispersal'
  2156 | D:3      | Reached skill level 8 in Maces & Flails
  2163 | D:3      | Reached XP level 6. HP: 32/50 MP: 3/3
  2437 | D:3      | XOM: god gift: 15 gold pieces
  2561 | D:4      | XOM: cast spell 'Beastly Appendage'
  3080 | D:4      | Reached skill level 9 in Maces & Flails
  3119 | D:4      | Noticed Crazy Yiuf
  3124 | D:4      | Killed Crazy Yiuf
  3230 | D:4      | XOM: divination: detect creatures
  3330 | D:4      | XOM: vitrification
  3331 | D:4      | Noticed Pikel
  3334 | D:4      | Mangled by Pikel

Action                   |  1- 3 |  4- 6 || total
-------------------------+-------+-------++-------
Melee: Mace              |    75 |   152 ||   227
  Use: Potion            |     4 |     2 ||     6
 Stab: Paralysed         |       |     7 ||     7
       Distracted        |       |     1 ||     1
       Confused          |       |     1 ||     1
       Petrifying        |       |     1 ||     1
